 Dungeon Crawl Stone Soup version 0.22.1-1-ga44c0e5 (webtiles) character file.

1913 yevrey the Thaumaturge (level 8, -4/42 HPs)
             Began as a Deep Elf Conjurer on Sept 28, 2018.
             Was a Follower of Sif Muna.
             Killed by divine providence
             ... invoked by an orc priest
              (9 damage)
             ... on level 8 of the Dungeon on Sept 29, 2018.
             The game lasted 00:40:03 (9599 turns).

yevrey the Thaumaturge (Deep Elf Conjurer)          Turns: 9599, Time: 00:40:03

Health: -4/42      AC:  4    Str:  5    XL:     8   Next: 95%
Magic:  12/24      EV: 24    Int: 22    God:    Sif Muna [*.....]
Gold:   470        SH:  3    Dex: 16    Spells: 2/28 levels left

rFire    . . .     SeeInvis .   E - staff of wizardry
rCold    . . .     Gourm    .   (no shield)
rNeg     . . .     Faith    .   v - +0 leather armour
rPois    .         Spirit   .   (no helmet)
rElec    .         Reflect  +   n - +0 cloak
rCorr    .         Harm     .   (no gloves)
MR       .....                  (no boots)
Stlth    +++.......             o - +3 amulet of reflection
HPRegen  0.14/turn              y - +6 ring of evasion
MPRegen  0.19/turn              l - +5 ring of evasion

@: hasted and slowed, drained
A: no striking features
a: Divine Energy, Renounce Religion


You were on level 8 of the Dungeon.
You worshipped Sif Muna.
Sif Muna was aware of your devotion.
You were not hungry.

You visited 2 branches of the dungeon, and saw 9 of its levels.

You collected 470 gold pieces.

Inventory:

Hand Weapons
 h - the +8 dagger "Yzxefae" {flame, Str+6, unknown}
   (You found it on level 4 of the Dungeon)

   It has been specially enchanted to burn those struck by it, causing extra
   injury to most foes and up to half again as much damage against particularly
   susceptible opponents.
   It affects your strength (+6).
Missiles
 b - 80 arrows
 i - 23 poisoned needles
Armour
 n - a +0 cloak (worn)
 v - a +0 leather armour (worn)
Magical Staves
 E - an uncursed staff of wizardry (weapon)
Jewellery
 l - a +5 ring of evasion (right hand)
 o - a +3 amulet of reflection (around neck)
 t - an uncursed ring of ice
 y - a +6 ring of evasion (left hand)
 G - an uncursed ring of positive energy
Wands
 m - a wand of random effects (19)
 r - a wand of iceblast (9)
 A - a wand of digging (12)
Scrolls
 e - a scroll of immolation {unknown}
 f - 2 scrolls of identify
 g - a scroll of fear {unknown}
 j - 4 scrolls of teleportation
 k - 2 scrolls of amnesia
 p - 2 scrolls of remove curse
 s - a scroll of holy word {unknown}
 u - a scroll of magic mapping {unknown}
 x - a scroll of enchant weapon {unknown}
 D - a scroll of fog {unknown}
 F - a scroll of blinking {unknown}
 H - a scroll of enchant armour {unknown}
Potions
 a - 2 potions of flight {unknown}
 d - a potion of degeneration {unknown}
 q - a potion of curing
 w - 2 potions of magic {unknown}
 z - a potion of lignification {unknown}
 B - a potion of agility {unknown}
 C - a potion of might {unknown}
 K - a potion of haste
Comestibles
 c - 13 rations
 I - a chunk of flesh


   Skills:
 + Level 0.8(0.6) Fighting
 + Level 1.8(1.5) Staves
 - Level 1.0(0.8) Armour
 + Level 4.0(3.8) Dodging
 + Level 4.5(4.2) Stealth
 + Level 10.7(10.4) Spellcasting
 + Level 7.5(7.3) Conjurations
 + Level 4.2(3.9) Hexes
 + Level 0.2(0.0) Translocations
 + Level 0.7(0.5) Poison Magic


You had 2 spell levels left.
You knew the following spells:

 Your Spells              Type           Power        Failure   Level  Hunger
a - Magic Dart            Conj           ####         1%          1    None
b - Searing Ray           Conj           #####.       1%          2    None
c - Dazzling Spray        Conj/Hex       #####.       1%          3    None
d - Iskenderun's Mystic   Conj           #####...     1%          4    #......
e - Fulminant Prism       Conj/Hex       #####.....   4%          4    #......
f - Blink                 Tloc           N/A          6%          2    None
g - Force Lance           Conj/Tloc      ####....     9%          4    #......
h - Conjure Flame         Conj/Fire      ####....     2%          3    None
i - Mephitic Cloud        Conj/Pois/Air  ###.....     4%          3    None

Your spell library contained the following spells:

 Spells                   Type           Power        Failure   Level  Hunger
 Corona                   Hex            ####...      1%          1    None
 Slow                     Hex            ####....     1%          2    None
 Ensorcelled Hibernation  Hex/Ice        ###...       2%          2    None
 Call Imp                 Summ           ##......     6%          2    None
 Confuse                  Hex            ####....     2%          3    None
 Tukima's Dance           Hex            ####....     2%          3    None


Dungeon Overview and Level Annotations

Branches:
Dungeon (8/15)             Temple (1/1) D:7
   Lair: D:8-11

Altars:
Kikubaaqudgha
Makhleb
Qazlal
Sif Muna

Shops:
D:8 ?

Annotations:
D:8 Psyche


Message History

You feel yourself slow down.
The searing ray hits something.
You feel sick. Something hits you but does no damage.
The orc priest invokes the aid of Beogh against you.
The searing ray hits something.
Something hits you.
* * * LOW HITPOINT WARNING * * *
Something freezes you.
* * * LOW HITPOINT WARNING * * *
Something hits you.
* * * LOW HITPOINT WARNING * * *
You suddenly lose the ability to move!
You feel sick. Something hits you.
* * * LOW HITPOINT WARNING * * *
Something hits you but does no damage.
You can move again.
You feel better. Something hits you.
* * * LOW HITPOINT WARNING * * *
The orc priest calls down the wrath of Beogh upon you.
Beogh smites you!
You die...

....#.#.## #...
... ....#.#..#
#.### .#
.....#.##'#####.#
# #..#.##_#......
# #..#.####......
###.#..#.# .......
....(..#.# .......
##.#....###.......
.........@{o..#
##.#########...#
.8(8.8# ..⌠.⌠.#
.8oo{8# ..⌠.⌠!.
.8.8.8.
########....
#<........


You could see an orc priest.

Vanquished Creatures
  A sky beast (D:5)
  2 phantoms (D:4)
  A bullfrog (D:3)
  5 scorpions
  5 killer bees
  A crimson imp (D:7)
  A howler monkey (D:6)
  A bullfrog zombie (D:8)
  Crazy Yiuf (D:2)
  2 hounds (D:5)
  2 jellies
  5 orc priests
  8 orc wizards
  5 worker ants
  A killer bee zombie (D:3)
  A hound zombie (D:7)
  A hound skeleton (D:5)
  A howler monkey skeleton (D:4)
  12 adders
  A gnoll (D:4)
  2 shadow imps
  2 oozes
  2 adder skeletons
  An adder zombie (D:6)
  A worm (D:4)
  3 dart slugs
  7 leopard geckos
  28 orcs
  2 ball pythons
  13 bats
  9 giant cockroaches
  7 goblins
  11 hobgoblins
  4 jackals (D:5)
  5 kobolds
  3 quokkas
  3 frilled lizards
  A leopard gecko zombie (D:5)
  10 rats
171 creatures vanquished.

Vanquished Creatures (others)
  5 fulminant prisms
5 creatures vanquished.

Grand Total: 176 creatures vanquished

Notes
Turn   | Place    | Note
-------+----------+-------------------------------------------
     0 | D:1      | yevrey the Deep Elf Conjurer began the quest for the Orb.
     0 | D:1      | Reached XP level 1. HP: 10/10 MP: 6/6
   107 | D:1      | Reached XP level 2. HP: 15/15 MP: 4/8
   145 | D:1      | Learned a level 2 spell: Searing Ray
   566 | D:1      | Reached skill level 5 in Conjurations
   574 | D:1      | Reached XP level 3. HP: 19/19 MP: 7/10
   580 | D:1      | Learned a level 3 spell: Dazzling Spray
   591 | D:2      | Found a faded altar of an unknown god.
   604 | D:1      | Reached skill level 4 in Spellcasting
  1131 | D:2      | Found a burning altar of Makhleb.
  1144 | D:2      | Reached XP level 4. HP: 24/24 MP: 10/12
  1159 | D:2      | Learned a level 4 spell: Iskenderun's Mystic Blast
  1654 | D:2      | Reached skill level 5 in Spellcasting
  1737 | D:2      | Found a runed door.
  1741 | D:2      | Noticed Crazy Yiuf
  1745 | D:2      | Killed Crazy Yiuf
  1834 | D:3      | Found a stormy altar of Qazlal.
  1840 | D:3      | Reached XP level 5. HP: 28/28 MP: 11/15
  1852 | D:3      | Learned a level 4 spell: Fulminant Prism
  2551 | D:3      | Reached skill level 6 in Spellcasting
  2777 | D:3      | Reached skill level 1 in Hexes
  2777 | D:3      | Reached XP level 6. HP: 29/32 MP: 1/17
  3598 | D:4      | Learned a level 2 spell: Blink
  3599 | D:5      | Entered Level 5 of the Dungeon
  3891 | D:4      | Reached skill level 7 in Spellcasting
  4061 | D:4      | Got a translucent dagger
  4412 | D:4      | Reached XP level 7. HP: 13/36 MP: 8/19
  4742 | D:4      | Learned a level 4 spell: Force Lance
  5572 | D:5      | Reached skill level 8 in Spellcasting
  5695 | D:5      | Found a deep blue altar of Sif Muna.
  5701 | D:5      | Became a worshipper of Sif Muna the Loreminder
  5897 | D:5      | Reached skill level 1 in Staves
  6365 | D:5      | Learned a level 3 spell: Conjure Flame
  6445 | D:5      | Reached XP level 8. HP: 42/42 MP: 9/22
  6771 | D:6      | Reached skill level 9 in Spellcasting
  7462 | D:7      | Found a staircase to the Ecumenical Temple.
  7916 | Temple   | Entered the Ecumenical Temple
  7953 | D:7      | Learned a level 3 spell: Mephitic Cloud
  7985 | D:7      | Reached skill level 1 in Armour
  8358 | D:7      | Reached * piety under Sif Muna
  8642 | D:7      | Reached skill level 10 in Spellcasting
  9563 | D:8      | Found an ancient bone altar of Kikubaaqudgha.
  9576 | D:8      | Found Fiown's Magic Scroll Shop.
  9576 | D:8      | Noticed Psyche
  9597 | D:8      | Paralysed by something for 2 turns
  9599 | D:8      | Killed from afar by an orc priest

Skill      XL: |  1  2  3  4  5  6  7  8 |
---------------+-------------------------+-----
Conjurations   | 5 6 7 |  7.5
Spellcasting   | 4 5 6 7 8 10 | 10.7
Stealth        | 3 4 |  4.5
Hexes          | 1 2 3 4 |  4.2
Dodging        | 3 4 |  4.0
Staves         | 1 |  1.8
Armour         | 1 |  1.0
Fighting       | |  0.8
Translocations | |  0.2
Poison Magic   | |  0.7

Action                   |  1- 3 |  4- 6 |  7- 9 || total
-------------------------+-------+-------+-------++-------
Melee: Quarterstaff      |       |     7 |    19 ||    26
       Staff             |       |       |    18 ||    18
 Cast: Magic Dart        |    48 |    76 |    38 ||   162
       Searing Ray       |     2 |     9 |    35 ||    46
       Dazzling Spray    |       |    38 |    50 ||    88
       Fulminant Prism   |       |       |     5 ||     5
       Mephitic Cloud    |       |       |     4 ||     4
       Iskenderun's Myst |       |       |     3 ||     3
       Blink             |       |       |     2 ||     2
  Use: Potion            |       |       |     4 ||     4
       Scroll            |       |       |     4 ||     4
 Stab: Invisible         |       |     1 |     1 ||     2
       Sleeping          |       |     1 |     1 ||     2
  Eat: Chunk             |     1 |    10 |    10 ||    21
       Ration            |       |       |     2 ||     2
Armor: Robe              |     1 |     6 |     5 ||    12
       Leather armour    |       |       |    15 ||    15
Dodge: Dodged            |     9 |    26 |    98 ||   133
Block: Other             |       |       |     4 ||     4
       Reflection        |       |       |     2 ||     2
